 Dungeon Crawl Stone Soup version 0.32-a0-172-gc5dd13f2a7 (webtiles) character file.

Game seed: 1642458390665830311

20428 Rennog the Thaumaturge (level 12, -3/80 HPs)
             Began as an Octopode Fire Elementalist on Feb 13, 2024.
             Was a High Priest of Sif Muna.
             Slain by an orc knight
             ... wielding a +3 battleaxe
              (25 damage)
             ... on level 1 of the Orcish Mines.
             The game lasted 01:04:17 (21642 turns).

Rennog the Thaumaturge (OpFE)                      Turns: 21642, Time: 01:04:18

Health: -3/80      AC:  1    Str:  9    XL:     12   Next: 79%
Magic:  6/28       EV: 25    Int: 21    God:    Sif Muna [*****.]
Gold:   1130       SH:  0    Dex: 12    Spells: 11/35 levels left

rFire   . . .        (no weapon)
rCold   . . .        (no shield)
rNeg    . . .        (helmet restricted)
rPois   .            (no amulet)
rElec   .            q - +5 ring of evasion
rCorr   .            w - +5 ring of evasion
SInv    .            E - ring of flight
Will    .....        (no ring)
Stlth   +++          (no ring)
HPRegen 0.33/turn    (no ring)
MPRegen 0.21/turn    (no ring)
                     (no ring)

%: no passive effects
@: flying, very slightly contaminated
A: almost no armour, amphibious, 8 rings, camouflage 1, gelatinous body 1,
(nimble swimmer 1), tentacles
a: Renounce Religion, Channel Magic, Forget Spell, Divine Exegesis


You were on level 1 of the Orcish Mines.
You worshipped Sif Muna.
Sif Muna was extremely pleased with you.
You visited 4 branches of the dungeon, and saw 17 of its levels.
You also visited: Sewer and Bailey.

You collected 1130 gold pieces.

Inventory:

Missiles
 n - a throwing net
 u - 3 atropa-tipped darts
Jewellery
 q - a +5 ring of evasion (left tentacle)
 w - a +5 ring of evasion (right tentacle)
 E - a ring of flight (on tentacle)
 K - a +6 ring of dexterity
Wands
 k - a wand of flame (41)
 m - a wand of quicksilver (10)
 p - a wand of polymorph (4)
 v - a wand of charming (10)
Scrolls
 c - 3 scrolls of revelation
 f - 3 scrolls of enchant armour
 i - 2 scrolls of poison
 j - 2 scrolls of teleportation {unknown}
 r - 2 scrolls of fear
 t - 2 scrolls of immolation
 y - a scroll of identify
 z - a scroll of blinking
 B - a scroll of fog
 D - a scroll of summoning
 I - a scroll of noise {unknown}
 J - a scroll of vulnerability
Potions
 a - 4 potions of magic
 b - a potion of might
 d - 5 potions of haste
 e - 5 potions of attraction
 g - 7 potions of curing
 h - 8 potions of heal wounds {unknown}
 l - 5 potions of invisibility {unknown}
 o - 6 potions of cancellation {unknown}
 s - a potion of berserk rage {unknown}
 x - a potion of ambrosia {unknown}
 A - a potion of enlightenment {unknown}
 C - 4 potions of mutation {unknown}
 F - a potion of lignification {unknown}
 G - a potion of brilliance {unknown}
 H - a potion of experience {unknown}


   Skills:
 + Level 6.7 Fighting
 + Level 7.1 Dodging
 - Level 2.6 Stealth
 * Level 12.1 Spellcasting
 - Level 7.6 Conjurations
 * Level 9.7 Summonings
 - Level 4.0 Fire Magic
 + Level 4.8 Invocations


You had 11 spell levels left.
You knew the following spells:

 Your Spells              Type           Power      Damage    Failure   Level
a - Foxfire               Conj/Fire      100%       2x1d9     1%          1
b - Scorch                Fire           58%        2d7       1%          2
c - Inner Flame           Hex/Fire       21%        N/A       7%          3
d - Volatile Blastmotes   Fire/Tloc      42%        2d13      7%          3
e - Flame Wave            Conj/Fire      37%        2d10      4%          4
f - Summon Ice Beast      Ice/Summ       33%        N/A       2%          3
g - Passwall              Erth           12%        N/A       16%         3
h - Summon Mana Viper     Hex/Summ       33%        N/A       21%         5

Your spell library contained the following spells:

 Spells                   Type           Power      Damage    Failure   Level
 Hailstorm                Conj/Ice       28%        3d8       3%          3
 Stone Arrow              Conj/Erth      56%        3d10      3%          3
 Freeze                   Ice            48%        1d6       5%          1
 Sandblast                Erth           24%        2d8       5%          1
 Jinxbite                 Hex            24%        N/A       8%          2
 Brom's Barrelling Bould  Conj/Erth      28%        2d5       11%         4
 Frozen Ramparts          Ice            24%        1d4       16%         3
 Sticky Flame             Fire/Alch      21%        2d6       22%         4
 Monstrous Menagerie      Summ           26%        N/A       63%         7
 Yara's Violent Unravell  Hex/Alch       6%         3d5       82%         5
 Malign Gateway           Summ/Tloc      16%        N/A       99%         7
 Sculpt Simulacrum        Ice/Alch       6%         N/A       100%        6
 Enfeeble                 Hex            6%         N/A       100%        7
 Summon Horrible Things   Summ           26%        N/A       100%        8


Dungeon Overview and Level Annotations

Branches:
Dungeon (13/15)            Temple (1/1) D:5            Lair (2/5) D:11
    Orc (1/2) D:10          Sewer (visited)          Bailey (visited)
  Swamp: Lair:2-3    Shoals: Lair:2-3     Snake: Lair:2-3    Spider: Lair:2-3
 Vaults: D:13-14

Altars:
Ashenzari
Cheibriados
Dithmenos
Elyvilon
Fedhas
Gozag
Hepliaklqana
Kikubaaqudgha
Makhleb
Nemelex Xobeh
Okawaru
Qazlal
Ru
Sif Muna
Trog
Uskayaw
Vehumet
Wu Jian
Xom
Yredelemnul
Zin
The Shining One

Shops:
D:2 *   D:8 **

Annotations:
D:4 2 runed translucent doors, TheLasagnaBaron's ghost, amateur DEAl
D:5 2 transporters, Pooter's ghost, novice MiBe
D:6 3 runed translucent doors, Scrimshaw's ghost, novice OpSh; knightboat's ghost, novice GnWn
D:7 3 runed translucent doors
D:11 Harold
D:12 3 runed translucent doors, Moumn's ghost, journeyman NaIE
D:13 Kirke; Sonja


Innate Abilities, Weirdness & Mutations

You cannot wear most types of armour.
You are amphibious.
You can wear up to eight rings at the same time.
Your skin changes colour to match your surroundings (Stealth+).
Your rubbery body absorbs attacks. (AC +1, EV +1)
((You are camouflaged when in or above water. (Stealth+)))
You have tentacles for arms and can constrict up to eight enemies at once.


Message History

The orc warrior hits your ice beast with a +0 long sword.
The orc knight hits your ice beast with a +3 battleaxe!
The orc knight hits your mana viper with a +3 battleaxe!
Your mana viper bites the orc knight.
Casting: Scorch (safe; 1% risk of failure)
Confirm with . or Enter, or press ? or * to list all spells.
Flames lash the orc knight but do no damage.
Your mana viper barely misses the orc knight.
Your ice beast hits the orc knight but does no damage.
The orc warrior throws a stone.
The stone hits your ice beast!
Your ice beast dies!
Your ice beast disappears in a puff of smoke!
Your mana viper closely misses the orc knight.
The orc warrior hits your mana viper with a +0 long sword!
The orc knight misses you.
The orc knight hits your mana viper with a +3 battleaxe!!
Casting: Scorch (safe; 1% risk of failure)
Confirm with . or Enter, or press ? or * to list all spells.
Flames lash the orc warrior but do no damage.
Your mana viper completely misses the orc warrior.
The orc warrior misses your mana viper. The orc knight barely misses you.
The orc knight misses your mana viper.
Your mana viper bites the orc warrior!!
Unknown command.
Casting: Scorch (safe; 1% risk of failure)
Confirm with . or Enter, or press ? or * to list all spells.
Flames lash the orc warrior.
You kill the orc warrior!
Sif Muna accepts your kill.
You feel yourself speed up.
Your mana viper bites the orc knight!
The orc knight completely misses you.
The orc knight hits your mana viper with a +3 battleaxe!
Your mana viper dies!
Your mana viper disappears in a puff of smoke!
The orc knight hits you with a +3 battleaxe!!
* * * LOW HITPOINT WARNING * * *
Casting: Scorch (safe; 1% risk of failure)
Confirm with . or Enter, or press ? or * to list all spells.
A chill wind blows around you.
The orc knight hits you with a +3 battleaxe!!
You die...

...#.......#
.............
............
...........
..........####
........[....##
##[...Y......#
#...).o@....#
((###>ยง..#.##
##.......#
#........
#.......#
........#
.......##
...^...##
.......#


You could see an orc knight (ally target) and a friendly ice beast (summoned).

Vanquished Creatures
  An arcanist (D:9)
  An orc knight (Bailey)
  Pikel (D:4)
  An ugly thing (D:13)
  4 cane toads (Lair:1)
  2 unseen horrors
  2 kobold demonologists
  A komodo dragon (D:11)
  5 trolls
  2 polar bears
  A raiju (shapeshifter) (D:12)
  A hornet (D:9)
  3 dream sheep (Lair:2)
  Sigmund (D:2)
  2 wraiths
  2 shadows
  19 yaks
  3 wyverns
  2 basilisks
  2 steam dragons (D:6)
  Menkaure (D:5)
  2 acid dragons
  5 water moccasins
  3 orc warriors
  2 ice beasts
  2 black bears (D:4)
  3 ogres
  A boggart (D:9)
  4 centaurs
  4 lemures (D:4)
  A phantom (D:4)
  A kobold brigand (D:9)
  5 bullfrogs
  A gnoll sergeant (D:8)
  2 scorpions
  17 wights
  8 killer bees
  4 howler monkeys (D:9)
  An electric eel (D:9)
  A hound (D:5)
  5 orc priests
  An iguana (D:4)
  3 orc wizards
  Robin (D:3)
  13 adders
  16 gnolls
  A shadow imp (D:8)
  2 white imps
  2 ufetubi (D:7)
  7 dart slugs
  A ribbon worm (D:2)
  34 orcs
  8 bats
  19 endoplasms
  19 giant cockroaches
  17 goblins
  12 hobgoblins
  4 jackals (D:4)
  6 kobolds
  3 quokkas
  17 ball pythons
  13 frilled lizards
  6 rats
334 creatures vanquished.

Vanquished Creatures (collateral kills)
  Erolcha (D:10)
  A two-headed ogre (D:8)
  An orc sorcerer (Orc:1)
  A cyclops (D:11)
  A torpor snail (Lair:2)
  A hornet (D:10)
  4 yaks
  A hog (D:12)
  A wyvern (Lair:1)
  A water moccasin (Lair:1)
  A swamp drake (D:10)
  5 orc warriors
  An ogre (Orc:1)
  2 bullfrogs
  2 wights
  2 killer bees
  A howler monkey (D:10)
  4 orc wizards
  2 gnolls
  6 orcs
  A foxfire (Lair:2)
40 creatures vanquished.

Vanquished Creatures (others)
  1006 foxfires
1006 creatures vanquished.

Grand Total: 1380 creatures vanquished

Notes
Turn   | Place    | Note
-------+----------+-------------------------------------------
     0 | D:1      | Rennog the Octopode Fire Elementalist began the quest for
                  | the Orb.
     0 | D:1      | Reached XP level 1. HP: 11/11 MP: 3/3
   211 | D:1      | Reached XP level 2. HP: 17/17 MP: 0/5
   299 | D:1      | Learned a level 2 spell: Scorch
   905 | D:2      | Noticed Sigmund
  1037 | D:2      | Reached XP level 3. HP: 21/21 MP: 1/7
  1148 | D:2      | Found Litoorux's Assorted Antiques.
  1828 | D:2      | Reached skill level 3 in Spellcasting
  1933 | D:2      | Killed Sigmund
  1934 | D:2      | Reached skill level 4 in Spellcasting
  1934 | D:2      | Reached XP level 4. HP: 11/27 MP: 0/10
  1934 | D:2      | Reached XP level 5. HP: 12/31 MP: 0/11
  2325 | D:3      | Reached XP level 6. HP: 36/36 MP: 3/12
  2811 | D:3      | Found a broken altar of Ashenzari.
  3066 | D:3      | Found a glowing golden altar of the Shining One.
  3069 | D:3      | Noticed Robin
  3085 | D:3      | Learned a level 3 spell: Inner Flame
  3089 | D:3      | Learned a level 3 spell: Volatile Blastmotes
  3135 | D:3      | Killed Robin
  3762 | D:4      | Found a large runed translucent door.
  3762 | D:4      | Found a large runed translucent door.
  3763 | D:4      | Noticed TheLasagnaBaron's ghost (amateur DEAl)
  4038 | D:4      | Noticed a black bear
  4081 | D:4      | Killed a black bear
  4193 | D:4      | Reached skill level 5 in Spellcasting
  4371 | D:4      | Noticed Pikel
  4428 | D:5      | Entered Level 5 of the Dungeon
  4428 | D:5      | Found a staircase to the Ecumenical Temple.
  4435 | Temple   | Entered the Ecumenical Temple
  4571 | Temple   | Became a worshipper of Sif Muna the Loreminder
  4682 | D:5      | Noticed Menkaure
  4690 | D:5      | Killed Menkaure
  4691 | D:5      | Reached XP level 7. HP: 41/41 MP: 6/15
  4866 | D:4      | Found a burning altar of Makhleb.
  4866 | D:4      | Noticed a balrug
  5248 | D:4      | Killed Pikel
  5249 | D:4      | Reached skill level 7 in Spellcasting
  5249 | D:4      | Reached skill level 5 in Conjurations
  5249 | D:4      | Reached XP level 8. HP: 24/46 MP: 5/18
  5783 | D:5      | Found a transporter.
  5787 | D:5      | Found a transporter.
  5787 | D:5      | Noticed Pooter's ghost (novice MiBe)
  5875 | D:5      | Found a basalt altar of Yredelemnul.
  6435 | D:6      | Reached skill level 8 in Spellcasting
  6455 | D:6      | Reached * piety under Sif Muna
  6504 | D:6      | Found a glowing drain.
  6517 | D:6      | Found a sparkling altar of Nemelex Xobeh.
  6555 | Sewer    | Entered a sewer
  6734 | Sewer    | Reached XP level 9. HP: 50/51 MP: 14/21
  7121 | Sewer    | Reached ** piety under Sif Muna
  7512 | D:6      | Reached skill level 9 in Spellcasting
  7681 | D:6      | Found a runed translucent gate.
  7681 | D:6      | Found a runed translucent gate.
  7682 | D:6      | Found a runed translucent gate.
  7683 | D:6      | Noticed Scrimshaw's ghost (novice OpSh)
  7684 | D:6      | Noticed knightboat's ghost (novice GnWn)
  8284 | D:7      | Found a runed translucent gate.
  8285 | D:7      | Found a runed translucent gate.
  8286 | D:7      | Found a runed translucent gate.
  8286 | D:7      | Noticed a death yak
  8287 | D:7      | Noticed a manticore
  8288 | D:7      | Noticed a polar bear
  8401 | D:7      | Noticed a troll
  8408 | D:7      | Killed a troll
  8409 | D:7      | Reached skill level 1 in Summonings
  9041 | D:7      | Reached skill level 1 in Fighting
  9232 | D:7      | Learned a level 4 spell: Flame Wave
  9236 | D:7      | Learned a level 3 spell: Summon Ice Beast
  9806 | D:8      | Reached XP level 10. HP: 61/61 MP: 2/23
 10007 | D:8      | Identified the +1 trident of the Warrior {pain, *Noise
                  | rElec Int+3}
 10266 | D:8      | Found Femeloz's Assorted Antiques.
 10412 | D:8      | Noticed a two-headed ogre
 10422 | D:8      | Killed a two-headed ogre
 10494 | D:8      | Found Uselete Siuth's Mail-Order Catalogue.
 10912 | D:9      | Found a white marble altar of Elyvilon.
 10964 | D:9      | Reached skill level 5 in Summonings
 11190 | D:9      | Learned a level 3 spell: Passwall
 11389 | D:9      | Reached *** piety under Sif Muna
 11680 | D:9      | Noticed an arcanist
 11687 | D:9      | Killed an arcanist
 11688 | D:9      | Reached skill level 10 in Spellcasting
 12484 | D:9      | Reached XP level 11. HP: 53/69 MP: 22/25
 12738 | D:9      | Identified the +0 sling of Isio {freeze, Str+3 Int+4 Dex+2}
 12775 | D:9      | Reached skill level 5 in Dodging
 13278 | D:10     | Entered Level 10 of the Dungeon
 13332 | D:10     | Found an ancient bone altar of Kikubaaqudgha.
 13460 | D:10     | Found a flagged portal.
 13475 | Bailey   | Entered a bailey
 13878 | Bailey   | Noticed an orc knight
 13885 | Bailey   | Killed an orc knight
 13907 | Bailey   | Reached **** piety under Sif Muna
 14668 | D:10     | Reached skill level 5 in Fighting
 14668 | D:10     | Reached skill level 1 in Invocations
 14856 | D:10     | Found a staircase to the Orcish Mines.
 15749 | D:11     | Found a radiant altar of Vehumet.
 15753 | D:11     | Noticed Erolcha
 15761 | D:11     | Noticed Harold
 16089 | D:11     | Noticed a cyclops
 16254 | D:11     | Killed a cyclops
 16278 | D:11     | Reached skill level 11 in Spellcasting
 16593 | D:11     | Found a staircase to the Lair.
 16600 | Lair:1   | Entered Level 1 of the Lair of Beasts
 17153 | Lair:1   | You are sucked into a shaft and drop 1 floor!
 17209 | Lair:2   | Reached XP level 12. HP: 38/78 MP: 2/27
 18054 | Lair:1   | Reached ***** piety under Sif Muna
 18498 | Lair:2   | Noticed a catoblepas
 18868 | Lair:2   | HP: 3/79 [something/blast of calcifying dust (4)]
 20134 | D:12     | Noticed a boulder beetle
 20202 | D:12     | Noticed a boulder beetle
 20364 | D:12     | Noticed a sun demon
 20469 | D:12     | You are sucked into a shaft and drop 1 floor!
 20513 | D:12     | Learned a level 5 spell: Summon Mana Viper
 20688 | D:12     | Found a runed translucent gate.
 20689 | D:12     | Found a runed translucent gate.
 20693 | D:12     | Found a runed translucent gate.
 20695 | D:12     | Noticed Moumn's ghost (journeyman NaIE)
 21091 | D:13     | Noticed Sonja
 21095 | D:13     | Noticed Kirke
 21119 | D:12     | Reached skill level 12 in Spellcasting
 21287 | D:13     | Noticed a death knight
 21337 | D:10     | Killed Erolcha
 21484 | Orc:1    | Entered Level 1 of the Orcish Mines
 21642 | Orc:1    | Slain by an orc knight

Illustrated notes

Levels and vault maps discovered:
D:1:      lightli_arrival_quake, layout_rooms
D:2:      layout_loops_ring, serial_shops, shop, minmay_misc_feat_iff,
          uniq_sigmund, uniq_crazy_yiuf_cottage
D:3:      layout_basic, mainiacjoe_overflow_24_doors,
          mainiacjoe_overflow_catwalk, uniq_robin
D:4:      layout_loops_ring, makhleb_altar_promises_db,
          ebering_ghost_disaster_area, minmay_misc_feat_plants, uniq_pikel
D:5:      layout_basic, mainiacjoe_overflow_brackets, temple_statues,
          gammafunk_ghost_arena, hangedman_decor_riveting, uniq_menkaure
D:6:      cheibrodos_steamvent, layout_basic, nemelex_xobeh_ov_fountains_minmay,
          gammafunk_ghost_cemetery, gup_sewer_entry_glass
D:7:      lemuel_bear_cage, layout_loops_corners
D:8:      layout_basic, grunt_ministairs_2, minmay_gold_behind_fungi,
          nicolae_hexahallways, nicolae_inconvenience_store,
          monkooky_shop_mail_order
D:9:      nzn_winding_woodlands_medium [nzn_winding_woodlands_5x5_perimeter,
          nzn_winding_woodlands_5x15_default, nzn_winding_woodlands_hourglass,
          nzn_winding_woodlands_5x5_open_star,
          nzn_winding_woodlands_center_triple_pond,
          nzn_winding_woodlands_5x5_closed_star,
          nzn_winding_woodlands_5x5_default,
          nzn_winding_woodlands_5x15_river_crossing,
          nzn_winding_woodlands_5x5_checkerboard], layout_stronghold,
          mainiacjoe_overflow_six_doors_small, grunt_decor_resistance
D:10:     layout_basic, nicolae_kikubaaqudgha_miasma_corner, erik_orc_1,
          enter_bailey_5
D:11:     layout_rooms, erik_lair_dragon, portal_ice_cave_demonic_guard,
          serial_glass, glass_columns_c, glass_columns_a, feat_on_display,
          nicolae_vehumet_radiance, uniq_harold, uniq_erolcha, uniq_lodul
D:12:     layout_roguey, gammafunk_ghost_necromancy, nrook_pool_corridor
D:13:     layout_cross, hellmonk_vaults_attempted_burglary, uniq_kirke,
          uniq_sonja
Temple:   bh_familiar_temple
Lair:1:   layout_gridlike
Lair:2:   layout_hall_layers, uniq_urug
Orc:1:    layout_caves, nicolae_orc_tapped_out

Skill      XL: |  1  2  3  4  5  6  7  8  9 10 11 12 |
---------------+-------------------------------------+-----
Spellcasting   | 4 5 7 8 9 10 11 12 | 12.1
Conjurations   | 2 3 5 6 7 |  7.6
Fire Magic     | 4 |  4.0
Summonings     | 3 6 8 9 |  9.7
Fighting       | 2 4 5 6 |  6.7
Dodging        | 3 4 6 7 |  7.1
Invocations    | 3 4 |  4.8
Stealth        | |  2.6

Action                     |  1- 3 |  4- 6 |  7- 9 | 10-12 || total
---------------------------+-------+-------+-------+-------++-------
  Melee: Unarmed           |     5 |     3 |       |    21 ||    29
         Constrict         |     2 |     1 |       |     1 ||     4
         Tentacles         |       |       |       |     8 ||     8
   Cast: Foxfire           |    36 |   104 |   159 |   284 ||   583
         Scorch            |    24 |    29 |    88 |   337 ||   478
         Volatile Blastmot |       |     5 |     3 |     8 ||    16
         Summon Ice Beast  |       |       |     5 |    85 ||    90
         Flame Wave        |       |       |     1 |    10 ||    11
         Summon Mana Viper |       |       |       |     7 ||     7
         Passwall          |       |       |       |     2 ||     2
 Invoke: Channel Magic     |       |       |       |     1 ||     1
    Use: Potion            |       |       |     2 |     1 ||     3
         Scroll            |       |       |       |    11 ||    11
 Armour: Skin              |    12 |    10 |    23 |    90 ||   135
  Dodge: Dodged            |    16 |     9 |    21 |   238 ||   284

Table legend: (Time is in decaauts)
 A = Elapsed time spent in this place.
 B = Non-inter-level travel time spent in this place.
 C = Inter-level travel time spent in this place.
 D = Time resting spent in this place.
 E = Time spent auto-exploring this place.
 F = Levels seen in this place.
 G = Mean time per level.
                   A        B        C        D        E       F      G
               +--------+--------+--------+--------+--------+-----+--------+
         Total |  21656 |  19814 |   1842 |   2093 |  14337 |  19 | 1139.8 |
       Dungeon |  17319 |  15721 |   1598 |   1479 |  12006 |  13 | 1332.2 |
        Temple |    158 |     75 |     83 |     72 |      0 |   1 |  158.0 |
          Lair |   2556 |   2395 |    161 |    514 |   1110 |   2 | 1278.0 |
  Orcish Mines |     31 |     31 |      0 |      0 |      0 |   1 |   31.0 |
         Sewer |    804 |    804 |      0 |      0 |    587 |   1 |  804.0 |
        Bailey |    785 |    785 |      0 |     28 |    634 |   1 |  785.0 |
               +--------+--------+--------+--------+--------+-----+--------+

Top non-repeatable levels by time:
    D:10: 2790 daAuts
     D:9: 2531 daAuts
  Lair:1: 2021 daAuts
     D:4: 1599 daAuts
     D:3: 1505 daAuts
     D:8: 1363 daAuts
    D:12: 1261 daAuts
     D:2: 1190 daAuts
     D:6: 1166 daAuts
     D:7: 1111 daAuts
     D:1: 994 daAuts
    D:11: 886 daAuts
     D:5: 852 daAuts
   Sewer: 804 daAuts
  Bailey: 785 daAuts
